 Dungeon Crawl Stone Soup version 0.26-a0-466-g989023bd0d (webtiles) character file.

Game seed: 13430772804100384421

97417 samsoon the Warrior (level 16, -1/188 HPs)
             Began as an Ogre Berserker on Aug 2, 2020.
             Was a High Priest of Trog.
             Slain by an anaconda (4 damage)
             ... on level 1 of the Snake Pit.
             The game lasted 01:12:43 (37513 turns).

samsoon the Warrior (Ogre Berserker)               Turns: 37513, Time: 01:12:44

Health: -1/188     AC: 15    Str: 35    XL:     16   Next: 19%
Magic:  0/17       EV:  7    Int:  8    God:    Trog [*****.]
Gold:   1903       SH:  5    Dex:  8    Spells: 15/15 levels left

rFire    + . .     SeeInvis .   a - +9 giant spiked club (vorpal)
rCold    . . .     Faith    .   (shield currently unavailable)
rNeg     + . .     Spirit   +   q - +0 acid dragon scales
rPois    +         Reflect  +   Z - +2 hat of the Bear Spirit {Spirit, +Rage rN+ MR++}
rElec    .         Harm     .   H - +2 cloak
rCorr    +                      (gloves unavailable)
MR       +++++                  (boots unavailable)
Stlth    ++........             v - amulet of Ecibeat {Reflect MR+ Str+5 SH+5 Stlth+}
HPRegen  1.41/turn              Y - +4 ring of slaying
MPRegen  0.15/turn              F - +4 ring of slaying

@: berserk cooldown, regenerating, slowed, constricted, very slow
A: large, unfitting armour, fire resistance 1, high mp 1, poison resistance,
tough skin 1, MP-powered wands
a: Berserk, Trog's Hand, Brothers in Arms, Renounce Religion, Evoke Berserk Rage


You were on level 1 of the Snake Pit.
You worshipped Trog.
Trog was extremely pleased with you.
You visited 4 branches of the dungeon, and saw 24 of its levels.
You also visited: Ice Cave and Volcano.

You collected 3057 gold pieces.
You spent 1154 gold pieces at shops.

Inventory:

Hand Weapons
 a - a +9 vorpal giant spiked club (weapon)
 b - a +9 giant spiked club of flaming
Missiles
 e - 53 boomerangs
 t - 4 silver boomerangs
 y - 13 curare-tipped darts
 E - 6 silver javelins
 O - 7 javelins
 P - 54 poisoned darts
 U - 22 large rocks (quivered)
Armour
 q - +0 acid dragon scales (worn)
 H - a +2 cloak (worn)
 Z - the +2 hat of the Bear Spirit (worn) {Spirit, +Rage rN+ MR++}
   (You found it on level 1 of the Lair of Beasts)

   It protects you from negative energy.
   It affects your resistance to hostile enchantments.
   It lets you go berserk.
Jewellery
 g - the ring of Simig {+Fly rElec rPois MR- SInv}
   (You acquired it on level 1 of the Lair of Beasts)

   [ring of flight]

   It insulates you from electricity.
   It protects you from poison.
   It affects your resistance to hostile enchantments.
   It lets you see invisible.
   It lets you fly.
 v - the amulet of Ecibeat (around neck) {Reflect MR+ Str+5 SH+5 Stlth+}
   (You acquired it on level 1 of the Orcish Mines)

   [amulet of reflection]

   It shields you and reflects attacks.
   It affects your strength (+5).
   It affects your resistance to hostile enchantments.
   It affects your SH (+5).
   It makes you more stealthy.
 w - an uncursed ring of positive energy
 B - an uncursed ring of fire
 C - the ring of Limitation {*Corrode rC++ Int+2 Dex+6}
   (You found it on level 4 of the Dungeon)

   [ring of dexterity]

   It affects your intelligence (+2).
   It affects your dexterity (+6).
   It greatly protects you from cold.
   It may corrode you when you take damage.
 F - a +4 ring of slaying (right hand)
 X - an uncursed ring of resist corrosion
 Y - a +4 ring of slaying (left hand)
Wands
 i - a wand of digging (13)
 r - a wand of acid (25)
 x - a wand of iceblast (27)
 I - a wand of enslavement (20)
 M - a wand of disintegration (14)
 R - a wand of polymorph (8)
 V - a wand of random effects (33)
Scrolls
 h - 7 scrolls of immolation
 j - 11 scrolls of teleportation
 m - 10 scrolls of remove curse
 p - a scroll of fog
 s - 4 scrolls of blinking
 A - a scroll of summoning
 D - a scroll of enchant armour
 J - 15 scrolls of identify
 N - a scroll of fear
 T - a scroll of enchant weapon
Potions
 c - a potion of magic
 d - 10 potions of heal wounds
 f - a potion of invisibility
 k - 4 potions of resistance
 l - 5 potions of stabbing
 n - a potion of flight
 o - 4 potions of might
 u - 8 potions of curing
 z - 5 potions of lignification
 G - 5 potions of haste
 K - a potion of ambrosia
 L - 2 potions of cancellation
Miscellaneous
 Q - a tin of tremorstones (inert)


   Skills:
 + Level 18.8 Fighting
 + Level 17.2 Maces & Flails
 + Level 8.4 Throwing
 * Level 9.9 Armour
 - Level 2.6 Dodging
 + Level 0.4 Evocations


You had 15 spell levels left.
You didn't know any spells.
Your spell library was empty.

Dungeon Overview and Level Annotations

Branches:
Dungeon (15/15)            Temple (0/1) D:4            Lair (6/6) D:8
 Shoals (0/4) Lair:4        Snake (1/4) Lair:4        Slime (0/5) Lair:6
    Orc (2/2) D:11            Elf (0/3) Orc:2        Vaults (0/5) D:13
 Depths (0/5) D:15          IceCv (visited)         Volcano (visited)

Altars:
Fedhas
Okawaru
Qazlal
Ru
Sif Muna
Trog
Zin
Beogh
Jiyva

Shops:
D:11 (   Orc:1 ?   Orc:2 =[([

Portals:
Abyss: Snake:1

Annotations:
D:3 2 runed translucent doors, stazo's ghost, weakling DsFi
D:10 exclusion: downstairs
D:12 exclusion: downstairs
D:14 2 runed translucent doors, Ucrul's ghost, journeyman VSBe
Lair:3 2 transporters, Sygruoh's ghost, journeyman TeAE
Snake:1 , 2 transporters, pulvazza's ghost, journeyman DsAK


Innate Abilities, Weirdness & Mutations

You are too large for most types of armour.
You have tough skin. (AC +1)
Your flesh is heat resistant. (rF+)
You have an increased reservoir of magic. (+10% MP)
Your system is resistant to poisons. (rPois)
You expend magic power (3 MP) to strengthen your wands.


Message History

The anaconda's grasp on you weakens, but your attempt to escape fails.
The anaconda bites you but does no damage.
The black mamba bites you.
* * * LOW HITPOINT WARNING * * *
The anaconda bites you.
* * * LOW HITPOINT WARNING * * *
The anaconda constricts you. The anaconda barely misses you.
You escape the anaconda's grasp.
You feel a strong urge to attack something.
You block the anaconda's attack. The anaconda barely misses you.
The anaconda grabs you. The anaconda bites you!
* * * LOW HITPOINT WARNING * * *
x2 The anaconda constricts you.
Unknown command.
You escape the anaconda's grasp.
You are no longer berserk.
You are exhausted.
You feel yourself slow down. The anaconda grabs you.
You block the anaconda's attack.
You die...

..............#...$.#............
...#....(.#####$$$.$#......#.....
...#......#####)SS.$#......##....
..###..#####..##SS.##.....###....
### #### #...##SSS#......###....
############.###SSS#......##^.###
.............# #SSS#......##..# #
.............###SS.##....###.##
.#############.#@S.###...###..#
##.....### ##....).###...##...#
.........###..........#.###...#
..........##............##...##
...#'#....##.#..........#...##
..##.##....###............###
###...##...# ##.........###
#......#...# #........##
......##...# #.......##


You could see a sea snake, 3 anacondas, 3 black mambas, 5 water moccasins, an
adder and 3 ball pythons.

Vanquished Creatures
  A frost giant (IceCv)
  A fire giant (D:15)
  Erolcha (D:10)
  Josephine (D:10)
  8 hydras
  A naga warrior (Snake:1)
  5 centaur warriors
  5 two-headed ogres
  4 anacondas (Snake:1)
  3 death yaks
  2 shock serpents (Snake:1)
  Urug (Lair:5)
  4 orc high priests (Orc:2)
  A salamander mystic (Volcano)
  A hell knight (Volcano)
  5 unseen horrors
  A fire crab (Lair:5)
  2 naga ritualists (Snake:1)
  4 orc knights
  A mana viper (Snake:1)
  An oklob plant (Lair:1)
  11 ugly things
  3 orc sorcerers
  5 salamanders
  A manticore (D:15)
  7 cyclopes
  7 elephants
  11 black mambas
  An ice statue (IceCv)
  A naga mage (Snake:1)
  2 guardian serpents
  A torpor snail (Lair:6)
  9 cane toads
  6 komodo dragons
  A kobold demonologist (D:14)
  4 rime drakes
  A yaktaur (D:15)
  6 trolls
  6 meliai (D:15)
  2 tengu conjurers (D:15)
  16 polar bears
  Prince Ribbit (Lair:1)
  9 hippogriffs
  14 blink frogs
  5 wraiths
  3 wyverns
  A centaur simulacrum (D:15)
  35 yaks
  Eustachio (D:4)
  17 humans
  2 nagas (Snake:1)
  7 wargs
  3 acid dragons
  13 water moccasins
  9 porcupines
  4 black bears
  An ice beast (D:15)
  30 orc warriors
  2 phantoms
  3 sky beasts
  An eye of draining (D:15)
  18 centaurs
  11 ogres
  43 wolves
  11 crocodiles
  2 big kobolds
  Blork the orc (Orc:1)
  A gnoll sergeant (Orc:1)
  16 bullfrogs
  A water moccasin zombie (D:11)
  12 killer bees
  4 scorpions
  16 wights
  6 howler monkeys
  7 centaur zombies
  6 bullfrog zombies
  6 hounds
  38 orc priests
  2 centaur skeletons
  3 jellies
  31 orc wizards
  4 bullfrog skeletons
  Terence (D:3)
  4 iguanas
  Ijyb (D:4)
  A killer bee zombie (D:6)
  9 worker ants
  2 hound zombies
  A hound skeleton (D:6)
  A howler monkey zombie (D:6)
  2 worker ant zombies
  6 gnolls
  9 adders
  2 shadow imps
  2 white imps
  2 ufetubi
  An ooze (D:1)
  2 adder skeletons
  3 adder zombies
  2 worms
  3 dart slugs
  4 leopard geckos
  95 orcs
  A ball python (Snake:1)
  A giant cockroach (D:3)
  12 goblins
  11 hobgoblins
  13 jackals
  5 quokkas
  9 bats
  9 frilled lizards
  A jackal zombie (D:6)
  14 kobolds
  A leopard gecko skeleton (D:6)
  5 leopard gecko zombies
  13 rats
  A fungus (Lair:4)
  2 plants
805 creatures vanquished.

Vanquished Creatures (others)
  A yak (IceCv)
  A wolf (IceCv)
  A hound skeleton (D:10)
  5 fungi
  2 plants (Lair:6)
10 creatures vanquished.

Grand Total: 815 creatures vanquished

Notes
Turn   | Place    | Note
-------+----------+-------------------------------------------
     0 | D:1      | samsoon the Ogre Berserker began the quest for the Orb.
     0 | D:1      | Reached XP level 1. HP: 24/24 MP: 1/1
   309 | D:1      | Reached XP level 2. HP: 32/32 MP: 2/2
   733 | D:1      | Reached XP level 3. HP: 27/40 MP: 3/3
  1250 | D:1      | Reached ** piety under Trog
  1414 | D:2      | Reached skill level 5 in Fighting
  1414 | D:2      | Reached XP level 4. HP: 31/50 MP: 4/4
  1631 | D:2      | Found a shimmering blue altar of Sif Muna.
  2714 | D:2      | Reached XP level 5. HP: 44/57 MP: 5/5
  2922 | D:2      | Found an iron altar of Okawaru.
  3018 | D:2      | Found a sacrificial altar of Ru.
  3742 | D:3      | Noticed Terence
  3751 | D:3      | Killed Terence
  4302 | D:3      | Reached *** piety under Trog
  4560 | D:3      | Found a large runed translucent door.
  4560 | D:3      | Found a large runed translucent door.
  4560 | D:3      | Noticed stazo's ghost (weakling DsFi)
  4625 | D:4      | Noticed Eustachio
  4893 | D:4      | Killed Eustachio
  4893 | D:4      | Reached skill level 6 in Fighting
  4893 | D:4      | Reached skill level 5 in Maces & Flails
  4893 | D:4      | Reached XP level 6. HP: 62/67 MP: 6/6
  5037 | D:4      | Found a staircase to the Ecumenical Temple.
  5106 | D:4      | Noticed Ijyb
  5124 | D:4      | Killed Ijyb
  5124 | D:4      | Reached XP level 7. HP: 58/76 MP: 7/7
  5654 | D:4      | Reached skill level 1 in Throwing
  5728 | D:4      | Got a vibrating lapis lazuli ring
  5730 | D:4      | Identified the ring of Limitation {*Corrode rC++ Int+2
                  | Dex+6} (You found it on level 4 of the Dungeon)
  6057 | D:5      | Entered Level 5 of the Dungeon
  6059 | D:5      | Found a stormy altar of Qazlal.
  6359 | D:5      | Got an ebony whip
  6360 | D:5      | Identified the cursed +0 whip of Zafil {drain, rC++} (You
                  | found it on level 5 of the Dungeon)
  7010 | D:5      | Reached skill level 7 in Fighting
  7171 | D:5      | Found a blossoming altar of Fedhas.
  7418 | D:6      | Reached XP level 8. HP: 76/87 MP: 5/8
  7818 | D:6      | Reached **** piety under Trog
  8338 | D:6      | Reached skill level 8 in Fighting
  9830 | D:7      | Reached XP level 9. HP: 70/97 MP: 9/9
 10136 | D:7      | Reached skill level 9 in Fighting
 11304 | D:8      | Reached skill level 10 in Fighting
 11573 | D:8      | Reached skill level 10 in Maces & Flails
 11830 | D:8      | Found a staircase to the Lair.
 11973 | D:8      | Reached skill level 11 in Fighting
 11973 | D:8      | Reached XP level 10. HP: 98/113 MP: 7/10
 12832 | D:9      | Gained mutation: You are partially covered in iridescent
                  | scales. (AC +2) [potion of mutation]
 12832 | D:9      | Gained mutation: You expend magic power (3 MP) to
                  | strengthen your wands. [potion of mutation]
 13281 | D:9      | Found a glowing silver altar of Zin.
 13392 | D:9      | Found a bloodstained altar of Trog.
 13435 | D:9      | Noticed a guardian serpent
 13441 | D:9      | Killed a guardian serpent
 13528 | D:10     | Entered Level 10 of the Dungeon
 13528 | D:10     | Noticed Erolcha
 13576 | D:10     | Killed Erolcha
 13576 | D:10     | Reached skill level 12 in Fighting
 14271 | D:10     | Noticed a two-headed ogre
 14285 | D:10     | Killed a two-headed ogre
 14285 | D:10     | Reached XP level 11. HP: 124/124 MP: 7/11
 15229 | D:11     | Noticed Josephine
 15248 | D:10     | Killed Josephine
 15365 | D:11     | Reached skill level 1 in Armour
 15472 | D:11     | Reached skill level 13 in Fighting
 15473 | D:11     | Noticed a cyclops
 15495 | D:11     | Killed a cyclops
 15644 | D:11     | Killed an unseen horror
 15790 | D:11     | Found Vistaw's Antique Weapon Boutique.
 15793 | D:11     | Reached ***** piety under Trog
 16074 | D:11     | Bought a steaming mace for 216 gold pieces
 16074 | D:11     | Identified the cursed +2 mace of Greatest Utility {holy,
                  | *Drain rN+ Str+3 Dex+8} (You bought it in a shop on level
                  | 11 of the Dungeon)
 16184 | D:11     | Found a staircase to the Orcish Mines.
 17231 | D:13     | Found a gate to the Vaults.
 17231 | D:13     | Noticed an orc knight
 17231 | D:13     | Noticed a two-headed ogre
 17231 | D:13     | Noticed a centaur warrior
 17231 | D:13     | Noticed a cyclops
 17265 | D:12     | Killed an unseen horror
 17426 | D:13     | Noticed a cyclops
 17441 | D:13     | Killed a cyclops
 17441 | D:13     | Reached XP level 12. HP: 137/137 MP: 10/12
 17550 | D:13     | Noticed a centaur warrior
 17556 | D:13     | Killed a two-headed ogre
 17562 | D:13     | Killed a centaur warrior
 17562 | D:13     | Reached skill level 5 in Throwing
 17801 | D:13     | Reached skill level 14 in Fighting
 18256 | D:13     | Killed a centaur warrior
 18375 | D:13     | Noticed a five-headed hydra
 18380 | D:13     | Killed a five-headed hydra
 18380 | D:13     | Received a gift from Trog
 18867 | D:13     | Noticed a centaur warrior
 18872 | D:13     | Reached skill level 5 in Armour
 18884 | D:13     | Killed a centaur warrior
 19127 | D:13     | Noticed a two-headed ogre
 19137 | D:13     | Killed a two-headed ogre
 19759 | D:14     | Reached XP level 13. HP: 148/148 MP: 10/13
 20689 | D:14     | Found a runed translucent door.
 20775 | D:14     | Noticed Ucrul's ghost (journeyman VSBe)
 20776 | D:14     | Noticed a lich
 20801 | D:14     | Found a runed translucent door.
 20807 | D:14     | Noticed a tengu reaver
 21116 | D:14     | Noticed Nessos
 21118 | D:14     | Reached skill level 15 in Fighting
 21121 | D:14     | Noticed Nessos
 21121 | D:14     | Nessos changed into Nessos the hippogriff
 21127 | D:14     | Killed Nessos the hippogriff
 22135 | D:15     | Entered Level 15 of the Dungeon
 22170 | D:15     | Found a frozen archway.
 22181 | IceCv    | Entered an ice cave
 22819 | IceCv    | Received a gift from Trog
 23244 | IceCv    | Reached skill level 16 in Fighting
 23563 | IceCv    | Noticed a frost giant
 23582 | IceCv    | Killed a frost giant
 23582 | IceCv    | Reached XP level 14. HP: 162/162 MP: 10/14
 24846 | D:15     | Found a staircase to the Depths.
 24846 | D:15     | Noticed a fire giant
 25190 | D:15     | Reached skill level 15 in Maces & Flails
 25548 | D:15     | Reached skill level 17 in Fighting
 25922 | D:15     | Killed a fire giant
 26306 | Lair:1   | Entered Level 1 of the Lair of Beasts
 26316 | Lair:1   | Noticed Prince Ribbit
 26326 | Lair:1   | Killed Prince Ribbit
 26328 | Lair:1   | Received a gift from Trog
 26428 | Lair:1   | Found a dark tunnel.
 26435 | Volcano  | Entered a volcano
 27232 | Lair:1   | Found the +2 hat of the Bear Spirit {Spirit, +Rage rN+
                  | MR++}
 27253 | Lair:1   | Identified a scroll of acquirement
 27253 | Lair:1   | Acquired the ring of Simig {+Fly rElec rPois MR- SInv}
 28311 | Lair:3   | Reached XP level 15. HP: 114/176 MP: 10/15
 29101 | Lair:3   | Found a transporter.
 29110 | Lair:3   | Found a transporter.
 29175 | Lair:3   | Identified the +4 trident "Agheonwu" {freeze, rF++ Str-5}
 29176 | Lair:3   | Found a bloodstained altar of Trog.
 29176 | Lair:3   | Noticed Sygruoh's ghost (journeyman TeAE)
 29510 | Lair:4   | Found a staircase to the Shoals.
 30196 | Lair:4   | Reached skill level 18 in Fighting
 30401 | Lair:4   | Found a staircase to the Snake Pit.
 30601 | Lair:5   | Noticed Urug
 30754 | Lair:5   | Killed Urug
 31681 | Lair:5   | Lost mutation: You are partially covered in iridescent
                  | scales. (AC +2) [potion of mutation]
 31681 | Lair:5   | Gained mutation: You have an increased reservoir of magic.
                  | (+10% MP) [potion of mutation]
 31681 | Lair:5   | Gained mutation: Your flesh is heat resistant. (rF+)
                  | [potion of mutation]
 31681 | Lair:5   | Gained mutation: Your system is resistant to poisons.
                  | (rPois) [potion of mutation]
 32427 | Lair:6   | Entered Level 6 of the Lair of Beasts
 33250 | Lair:6   | Found a viscous altar of Jiyva.
 33250 | Lair:6   | Found a staircase to the Slime Pits.
 33754 | Orc:1    | Entered Level 1 of the Orcish Mines
 33920 | Orc:1    | Noticed Blork the orc
 33938 | Orc:1    | Killed Blork the orc
 34436 | Orc:1    | Found Coefacra's Magic Scroll Emporium.
 34484 | Orc:1    | Bought a scroll of acquirement for 728 gold pieces
 34484 | Orc:1    | Acquired the amulet of Ecibeat {Reflect MR+ Str+5 SH+5
                  | Stlth+}
 34803 | Orc:1    | Bought a scroll of enchant weapon for 105 gold pieces
 34803 | Orc:1    | Bought a scroll of enchant weapon for 105 gold pieces
 34815 | Orc:2    | Entered Level 2 of the Orcish Mines
 34980 | Orc:2    | Found a staircase to the Elven Halls.
 35264 | Orc:2    | Received a gift from Trog
 35820 | Orc:2    | Found a roughly hewn altar of Beogh.
 35859 | Orc:2    | Found Ikyhya's Antique Armour Boutique.
 35859 | Orc:2    | Found Xunoiz's Weapon Boutique.
 35860 | Orc:2    | Found Nisubb's Jewellery Shop.
 35863 | Orc:2    | Found Ynlicim's Armour Shop.
 36077 | Snake:1  | Entered Level 1 of the Snake Pit
 36242 | Snake:1  | Noticed pulvazza's ghost (journeyman DsAK)
 36253 | Snake:1  | Found a one-way gate to the infinite horrors of the Abyss.
 36253 | Snake:1  | Identified the +6 battleaxe of the Mind {distort, *Noise
                  | rElec Int+5}
 36589 | Snake:1  | Reached XP level 16. HP: 143/188 MP: 8/17
 37164 | Snake:1  | Found a runed translucent gate.
 37164 | Snake:1  | Found a runed translucent gate.
 37164 | Snake:1  | Found a runed translucent gate.
 37314 | Snake:1  | Found a transporter.
 37315 | Snake:1  | Found a transporter.
 37333 | Snake:1  | Noticed a hellephant
 37512 | Snake:1  | HP: 4/282 [anaconda (13)]
 37513 | Snake:1  | Slain by an anaconda

Illustrated notes

Levels and vault maps discovered:
D:1:      mrwooster_arrival_statue_3, layout_basic
D:2:      layout_basic, lemuel_blue_sif_altar, nicolae_ru_path_of_blood,
          chequers_serial_rivers_micro_a, okawaru_trees_2
D:3:      layout_rooms, ebering_ghost_disaster_area, uniq_terence
D:4:      layout_basic, temple_fountains, uniq_ijyb, uniq_eustachio
D:5:      layout_cave_pools, grunt_qazlal_clouds, fedhas_altar_fruit_tree,
          minmay_between
D:6:      layout_cave_pools, serial_undead, serial_undead_b, serial_undead_b,
          serial_undead_a, serial_undead_a, serial_undead_b, serial_undead_d,
          hangedman_decor_diamond_cutter, minivault_5
D:7:      layout_basic, hangedman_abyss_or_decor_passed
D:8:      layout_cave_pods, erik_lair_orcish_takeover
D:9:      layout_rooms, lightli_temple_of_fire, zin_academy,
          nrook_guardian_serpent_double
D:10:     layout_gridville, uniq_erolcha
D:11:     layout_cross, erik_orc_4, serial_shops, shop,
          kennysheep_decorative_pillar, grunt_decor_arrowhead,
          dk_noncrumbling_2, kennysheep_generic_room_7, uniq_josephine
D:12:     layout_loops_ring
D:13:     layout_irregular_city, david_vaults_3
D:14:     layout_basic, dk_noncrumbling_3, muffindrake_ghost_dual_entry,
          uniq_nessos
D:15:     grunt_enter_depths_giant_problem, layout_gridville,
          hangedman_abyss_or_decor_clamps, serial_co_window_serial,
          co_window_corner_a, co_window_paths_a, co_window_of_opportunity_a,
          co_window_of_opportunity_a, co_window_paths_a,
          co_window_unsneaky_path_b, co_window_cross_2, co_window_corner_b,
          co_window_corner_b, glass_columns_b, glass_columns_a,
          portal_ice_cave_rime
Lair:1:   layout_cave_shapes, nicolae_volcano_entry_two_sided,
          chequers_serial_rivers_marsh, minmay_lair_oklob_items,
          grunt_megastairs_3, uniq_prince_ribbit2
Lair:2:   layout_big_grid, chequers_serial_rivers_marsh
Lair:3:   layout_gridlike, gammafunk_ghost_wrathful_warriors
Lair:4:   layout_misc_corridors, minmay_shoals_entry_centaurs,
          minmay_snake_entry_spellcaster, chequers_serial_rivers_micro_a,
          infiniplex_staircase_pool
Lair:5:   layout_roguey, uniq_urug
Lair:6:   wormcave, layout_small_grid, slime_altar_1
Snake:1:  layout_onion, gammafunk_ghost_abyssal_escape,
          nicolae_snake_serpentine_hallways, nicolae_snake_horde_hoard
Orc:1:    layout_diamond_mine, serial_shops, shop, sword_in_stone
Orc:2:    st_orc_mages, layout_caves, minmay_orc_temple_a

Skill      XL: |  1  2  3  4  5  6  7  8  9 10 11 12 13 14 15 16 |
---------------+-------------------------------------------------+-----
Maces & Flails | 3 4 5 7 8 10 11 13 14 15 16 17 | 17.2
Fighting       | 5 6 7 8 11 12 13 14 16 17 18 | 18.8
Throwing       | 1 2 3 4 6 7 8 |  8.4
Armour         | 3 5 7 8 9 |  9.9
Dodging        | |  2.6
Evocations     | |  0.4

Action                   |  1- 3 |  4- 6 |  7- 9 | 10-12 | 13-15 | 16-18 || total
-------------------------+-------+-------+-------+-------+-------+-------++-------
Melee: Mace              |   106 |    47 |    15 |       |       |       ||   168
       Flail             |       |   176 |   484 |   778 |   705 |       ||  2143
       Whip              |       |       |    12 |       |       |       ||    12
       Giant spiked club |       |       |       |       |   483 |    34 ||   517
Throw: Boomerang         |       |     9 |    23 |    67 |    12 |       ||   111
       Dart              |       |       |       |    17 |    24 |       ||    41
       Large rock        |       |       |       |     3 |    29 |       ||    32
Invok: Berserk           |     1 |     5 |    10 |    27 |    33 |     1 ||    77
       Trog's Hand       |       |       |     4 |     4 |    18 |     1 ||    27
Evoke: Wand              |       |       |       |       |     3 |       ||     3
       Tin of tremorston |       |       |       |       |       |     3 ||     3
  Use: Scroll            |       |       |    13 |    14 |    22 |       ||    49
       Potion            |       |       |     1 |     1 |     1 |       ||     3
 Stab: Sleeping          |     1 |       |       |       |       |       ||     1
Armor: Animal skin       |    28 |    64 |   181 |    99 |       |       ||   372
       Troll leather arm |       |       |       |   148 |       |       ||   148
       Acid dragon scale |       |       |       |   149 |   675 |    21 ||   845
Dodge: Dodged            |    70 |   155 |   267 |   326 |   627 |    30 ||  1475
Block: Other             |       |       |       |       |    64 |    11 ||    75
       Reflection        |       |       |       |       |     1 |       ||     1

Table legend: (Time is in decaauts)
 A = Elapsed time spent in this place.
 B = Non-inter-level travel time spent in this place.
 C = Inter-level travel time spent in this place.
 D = Time resting spent in this place.
 E = Time spent auto-exploring this place.
 F = Levels seen in this place.
 G = Mean time per level.
                   A        B        C        D        E       F      G
               +--------+--------+--------+--------+--------+-----+--------+
         Total |  37904 |  35936 |   1968 |  14984 |  15143 |  26 | 1457.8 |
       Dungeon |  25220 |  24012 |   1208 |  10718 |   9540 |  15 | 1681.3 |
          Lair |   6926 |   6242 |    684 |   1961 |   3595 |   6 | 1154.3 |
     Snake Pit |   1439 |   1439 |      0 |    410 |    887 |   1 | 1439.0 |
  Orcish Mines |   2185 |   2111 |     74 |    792 |    772 |   2 | 1092.5 |
      Ice Cave |   1812 |   1812 |      0 |    979 |    349 |   1 | 1812.0 |
       Volcano |    321 |    321 |      0 |    122 |      0 |   1 |  321.0 |
               +--------+--------+--------+--------+--------+-----+--------+

Top non-repeatable levels by time:
    D:14: 2558 daAuts
    D:15: 2098 daAuts
    D:13: 2077 daAuts
     D:1: 2027 daAuts
    D:10: 2003 daAuts
     D:7: 1970 daAuts
   IceCv: 1812 daAuts
     D:2: 1778 daAuts
     D:8: 1776 daAuts
     D:5: 1664 daAuts
  Lair:5: 1515 daAuts
     D:6: 1508 daAuts
 Snake:1: 1439 daAuts
     D:4: 1402 daAuts
  Lair:4: 1286 daAuts
